 Dungeon Crawl Stone Soup version 0.31.0-11-ge490571c62 (webtiles) character file.

Game seed: 15493651127048610227

186 qw the Shooter (level 5, 0/26 HPs)
             Began as a Spriggan Hunter on Feb 3, 2024.
             Was an Initiate of Okawaru.
             Slain by a steam dragon (2 damage)
             ... on level 4 of the Dungeon.
             The game lasted 00:00:09 (2278 turns).

qw the Shooter (Spriggan Hunter)                    Turns: 2278, Time: 00:00:10

Health: 0/26       AC:  8    Str:  7    XL:     5   Next: 38%
Magic:  6/6        EV: 20    Int: 10    God:    Okawaru [......]
Gold:   246        SH:  0    Dex: 21    Spells: 4/4 levels left

rFire   . . .        a - +2 shortbow
rCold   . . .        (shield currently unavailable)
rNeg    . . .        c - +0 robe
rPois   .            (helmet restricted)
rElec   .            h - +1 cloak
rCorr   .            (gloves unavailable)
SInv    +            (boots unavailable)
Will    .....        (no amulet)
Stlth   ++           e - +4 ring of protection
HPRegen 0.24/turn    (no ring)
MPRegen 0.10/turn

%: no passive effects
@: about to teleport, very quick
A: very small, no large weapons, unfitting armour, see invisible, speed 3
a: Renounce Religion


You were on level 4 of the Dungeon.
You worshipped Okawaru.
Okawaru was noncommittal.
You visited 1 branch of the dungeon, and saw 4 of its levels.

You collected 246 gold pieces.


Innate Abilities, Weirdness & Mutations

You are very small and have problems with some larger weapons.
You are too small for most types of armour.
You have supernaturally acute eyesight. (SInv)
You cover ground extremely quickly. (Speed+++)


   Skills:
 - Level 2.0 Fighting
 + Level 5.6 Ranged Weapons
 - Level 5.0 Dodging
 - Level 1.5 Stealth


You had 4 spell levels left.
You didn't know any spells.
Your spell library was empty.

Inventory:

Hand Weapons
 a - a +2 shortbow (weapon)
Armour
 c - a +0 robe (worn)
 h - a +1 cloak (worn)
Jewellery
 e - a +4 ring of protection (left hand)
Scrolls
 b - a scroll of identify
 g - a scroll of teleportation
Potions
 l - a potion of heal wounds {unknown}

Dungeon Overview and Level Annotations

Branches:
Dungeon (4/15)
 Temple: D:4-7

Altars:
Gozag
Kikubaaqudgha
Makhleb
Okawaru
Zin


Message History

b - a scroll of identify You open the door.
There is an open door here.
You now have 246 gold pieces (gained 12).
You open the door.
There is an open door here.
Found a potion of brilliance.
You see here a potion of brilliance.
You shoot an arrow.
The arrow closely misses the steam dragon.
The steam dragon hisses angrily.
You shoot an arrow.
The arrow barely misses the steam dragon.
The steam dragon breathes steam at you. The ball of steam hits you.
You're standing in a cloud of steam!
You are engulfed in a cloud of scalding steam.
2274 ||| Stepping ~*~*~tactically~*~*~ (cloud).
An endoplasm comes into view.
You shoot an arrow. The endoplasm quivers.
The arrow hits the endoplasm.
The endoplasm is severely wounded.
You shoot an arrow.
The arrow barely misses the steam dragon.
The steam dragon breathes steam at you. The ball of steam hits you!
Ouch! That really hurt!
You shoot an arrow.
The arrow closely misses the steam dragon.
You are engulfed in a cloud of scalding steam.
The steam dragon completely misses you. The steam dragon misses you.
2278 ||| READING 2 scrolls of teleportation.
As you read the scroll of teleportation, it crumbles to dust.
You feel strangely unstable.
You are engulfed in a cloud of scalding steam.
The endoplasm is engulfed in a cloud of scalding steam.
The endoplasm dies!
The steam dragon bites you.
You die...

#.# #.# #.# #.# ####### #.#
#.....¤###########.#
#..>..D@.!.¤.....#.#
#.....¤#######...#.#####
#............'...'......
#......#####.#...#.#####
#........#...#.###.#
#........#.#.#.# #.#
#......###.#.#.# #.#####
..#.#...<...#.#.# #.#...#
#####.#...).....#.###.#.#.#


You could see a steam dragon (catching breath).

Vanquished Creatures
  A scorpion (D:4)
  A hound (D:3)
  4 adders
  A dart slug (D:1)
  3 ribbon worms
  An orc (D:3)
  7 ball pythons
  7 bats
  6 endoplasms
  4 giant cockroaches
  A goblin (D:1)
  2 hobgoblins
  3 jackals (D:3)
  A quokka (D:3)
  6 kobolds
  6 rats
54 creatures vanquished.

Vanquished Creatures (others)
  An endoplasm (D:4)
1 creature vanquished.

Grand Total: 55 creatures vanquished

Notes
Turn   | Place    | Note
-------+----------+-------------------------------------------
     0 | D:1      | qw the Spriggan Hunter began the quest for the Orb.
     0 | D:1      | Reached XP level 1. HP: 10/10 MP: 2/2
     0 | D:1      | 0 ||| qw: Version: 0.3-a-155-g5e7d8dd
     0 | D:1      | 0 ||| qw: Game counter: 3522
     0 | D:1      | 0 ||| qw: Melee chars always use a shield: true
     0 | D:1      | 0 ||| qw: God list: Okawaru
     0 | D:1      | 0 ||| qw: Allow faded altars: false
     0 | D:1      | 0 ||| qw: Do Orc after clearing Dungeon:15 true
     0 | D:1      | 0 ||| qw: Do second Lair branch before Depths: true
     0 | D:1      | 0 ||| qw: Lair rune preference: random
     0 | D:1      | 0 ||| qw: Goals: Normal
     0 | D:1      | 0 ||| PLANNING D:1-11
    36 | D:1      | Reached skill level 3 in Dodging
   130 | D:1      | Reached XP level 2. HP: 14/14 MP: 3/3
   221 | D:1      | Found a faded altar of an unknown god.
   372 | D:1      | You fall into a shaft and drop 1 floor!
   444 | D:2      | Reached XP level 3. HP: 18/18 MP: 4/4
   490 | D:2      | 490 ||| UPGRADING to +4 ring of protection.
   491 | D:2      | 491 ||| READING scroll labelled TEYQUDW GYQULALA.
   492 | D:2      | 492 ||| READING 4 scrolls labelled OPNEM UTUGGEFU.
   496 | D:2      | 496 ||| READING 2 scrolls labelled BAZEGA JARIF.
   497 | D:2      | 497 ||| READING scroll labelled VECY WESHY.
   497 | D:2      | 497 ||| IDENTIFYING bubbling sapphire potion
   498 | D:2      | 498 ||| READING 2 scrolls labelled UGEUMA XAREAP.
   498 | D:2      | 498 ||| ENCHANTING +0 shortbow.
   499 | D:2      | 499 ||| READING scroll labelled XEKE LEDYSTEZU.
   500 | D:2      | 500 ||| DROPPING scroll of butterflies.
   501 | D:2      | 501 ||| DROPPING potion of attraction.
   502 | D:2      | 502 ||| DROPPING scroll of immolation.
   742 | D:2      | Found an iron altar of Okawaru.
   743 | D:2      | 743 ||| PLANNING OKAWARU WORSHIP
   743 | D:2      | 743 ||| READING scroll labelled HELACH GACION.
   752 | D:2      | Became a worshipper of Warmaster Okawaru
   753 | D:2      | 753 ||| PLANNING D:1-11
  1024 | D:2      | 1024 ||| READING scroll labelled CIESSAASOSS.
  1344 | D:3      | Found a glowing silver altar of Zin.
  1348 | D:3      | Found an ancient bone altar of Kikubaaqudgha.
  1349 | D:3      | Found a burning altar of Makhleb.
  1366 | D:3      | Found an opulent altar of Gozag.
  1506 | D:3      | Reached XP level 4. HP: 22/22 MP: 5/5
  1880 | D:3      | 1880 ||| UPGRADING to +0 cloak.
  1885 | D:3      | 1885 ||| READING scroll of enchant armour.
  1885 | D:3      | 1885 ||| ENCHANTING +0 cloak.
  1886 | D:3      | 1886 ||| DROPPING ring of flight.
  1887 | D:3      | 1887 ||| READING scroll of identify.
  1887 | D:3      | 1887 ||| IDENTIFYING cyan potion
  1888 | D:3      | 1888 ||| READING scroll labelled HAINKACAUST.
  1930 | D:3      | 1930 ||| READING scroll labelled ROACITIXIE.
  1931 | D:3      | 1931 ||| READING 2 scrolls labelled ITYBYW LELAST.
  1931 | D:3      | 1931 ||| ENCHANTING +0 shortbow.
  1932 | D:3      | 1932 ||| READING scroll of enchant weapon.
  1932 | D:3      | 1932 ||| ENCHANTING +1 shortbow.
  1933 | D:3      | 1933 ||| DROPPING potion of brilliance.
  1943 | D:4      | 1943 ||| STAIRDANCE
  1975 | D:4      | Noticed a scorpion
  1980 | D:4      | Killed a scorpion
  1981 | D:4      | Reached XP level 5. HP: 26/26 MP: 6/6
  1999 | D:4      | Noticed a steam dragon
  2003 | D:4      | 2003 ||| Stepping ~*~*~tactically~*~*~ (cloud).
  2008 | D:4      | 2008 ||| Stepping ~*~*~tactically~*~*~ (cloud).
  2016 | D:4      | HP: 3/26 [steam dragon (5)]
  2017 | D:4      | 2017 ||| READING 3 scrolls of teleportation.
  2274 | D:4      | 2274 ||| Stepping ~*~*~tactically~*~*~ (cloud).
  2277 | D:4      | HP: 1/26 [steam dragon] (6)]
  2278 | D:4      | 2278 ||| READING 2 scrolls of teleportation.
  2278 | D:4      | Slain by a steam dragon

Levels and vault maps discovered:
D:1:      minmay_arrival_radiant_lines, layout_basic,
          nicolae_ecumenical_snake_handling
D:2:      layout_basic, basic_altar, kennysheep_generic_room_6
D:3:      layout_loops_corners, nicolae_overflow_macrodata_refinement,
          kennysheep_generic_room_3
D:4:      layout_basic, minmay_misc_feat_encased,
          chequers_serial_rivers_micro_b, amcnicky_mini_rare_corridor_liquid

Skill      XL: |  1  2  3  4 |
---------------+-------------+-----
Dodging        | 3 4 5 |  5.0
Ranged Weapons | 5 |  5.6
Fighting       | 2 |  2.0
Stealth        | |  1.5

Action                     |  1- 3 |  4- 6 || total
---------------------------+-------+-------++-------
   Fire: Shortbow          |   115 |    59 ||   174
    Use: Scroll            |     8 |     8 ||    16
 Armour: Robe              |    13 |    17 ||    30
  Dodge: Dodged            |    39 |    39 ||    78

Table legend:
 A = Non-vault XP
 B = Vault XP
 C = Vault XP percentage of total XP
 D = Non-vault monster count
 E = Vault monster count
 F = Vault count percentage of total count
                 A         B        C        D         E       F
            +---------+---------+-------+---------+---------+-------
      Total |     257 |      11 |   4.1 |      48 |       7 |  12.7
            +---------+---------+-------+---------+---------+-------
        D:1 |      29 |       6 |  17.1 |      16 |       4 |  20.0
        D:2 |      38 |       1 |   2.6 |       8 |       1 |  11.1
        D:3 |      91 |       4 |   4.2 |      16 |       2 |  11.1
        D:4 |      99 |       0 |   0.0 |       8 |       0 |   0.0
            +---------+---------+-------+---------+---------+-------
